TOP OF THE 1ST |
Frederick Keys batting - Pitching for Dunedin Blue Jays : RHP Orlando Giron
|
Pitching: RHP Orlando Giron
|
|
Batting: LHB Tom Edwards
|
0-0: Ball 1-0: Foul Ball, location: 2F 1-1: SINGLE (Groundball, 3D, EV 95.0 MPH)
|
Batting: SHB Roger Holmes
|
0-0: Ball 1-0: Ball 2-0: Ball 3-0: Called Strike 3-1: Swinging Strike 3-2: Base on Balls Tom Edwards to second
|
Batting: RHB Daniel Jackson
|
0-0: Swinging Strike 0-1: Ball 1-1: Fielders Choice at 2nd, 4-6 (Groundball, 34, EV 84.4 MPH) Tom Edwards to third
|
Batting: LHB Mike Sloan
|
0-0: Called Strike 0-1: Ball 1-1: Ball 2-1: Called Strike Daniel Jackson is caught stealing 2nd base 2-6 2-2: Ground out 6-3 (Groundball, 6, EV 90.6 MPH)
|
Top of the 1st over - 0 runs, 1 hit, 0 errors, 1 left on base; Frederick 0 - Dunedin 0 |
BOTTOM OF THE 1ST |
Dunedin Blue Jays batting - Pitching for Frederick Keys : LHP Luis Perez
|
Pitching: LHP Luis Perez
|
|
Batting: SHB Ryan Chicoine
|
0-0: Foul Ball, location: 2F 0-1: Ball 1-1: Foul Ball, location: 2F 1-2: Ground out 6-3 (Groundball, 6, EV 89.4 MPH)
|
Batting: RHB Chris Martin
|
0-0: Fly out, F8 (Flyball, 8LS, EV 95.6 MPH)
|
Batting: LHB Devin Huber
|
0-0: Called Strike 0-1: Foul Ball, location: 2F 0-2: Ball 1-2: Foul Ball, location: 2F 1-2: Ball 2-2: Foul Ball, location: 2F 2-2: Strikes out looking
|
Bottom of the 1st over - 0 runs, 0 hits, 0 errors, 0 left on base; Frederick 0 - Dunedin 0 |
TOP OF THE 2ND |
Frederick Keys batting - Pitching for Dunedin Blue Jays : RHP Orlando Giron
|
Batting: RHB Danny Merrill
|
0-0: Ball 1-0: Called Strike 1-1: Swinging Strike 1-2: Foul Ball, location: 2F 1-2: Strikes out swinging, 2-3 out at first.
|
Batting: LHB Antonio Cantu
|
0-0: Called Strike 0-1: Ball 1-1: Ball 2-1: Ball 3-1: Called Strike 3-2: Strikes out swinging
|
Batting: RHB Hunter Neumann
|
0-0: Ball 1-0: Called Strike 1-1: SOLO HOME RUN (Flyball, 7LD, EV 93.8 MPH), Distance : 341 ft
|
Batting: LHB Rodolfo Montes
|
0-0: Ball 1-0: Fly out, F6 (Line Drive, 6, EV 71.2 MPH)
|
Top of the 2nd over - 1 run, 1 hit, 0 errors, 0 left on base; Frederick 1 - Dunedin 0 |
BOTTOM OF THE 2ND |
Dunedin Blue Jays batting - Pitching for Frederick Keys : LHP Luis Perez
|
Batting: LHB Chaim Huting
|
0-0: Ball 1-0: Ball 2-0: Ball 3-0: Foul Ball, location: 2F 3-1: Called Strike 3-2: Foul Ball, location: 2F 3-2: Strikes out swinging
|
Batting: RHB Brock Van Gilder
|
0-0: Ball 1-0: SOLO HOME RUN (Line Drive, 9LD, EV 95.6 MPH), Distance : 368 ft
|
Batting: LHB Rodrigo Briceno
|
0-0: Ball 1-0: Foul Ball, location: 2F 1-1: Ball 2-1: Called Strike 2-2: DOUBLE (Line Drive, 89XD, EV 100.0 MPH)
|
Batting: RHB Wade Diamond
|
0-0: Ball 1-0: Ball Passed Ball! Rodrigo Briceno to third 2-0: Swinging Strike 2-1: Called Strike 2-2: SINGLE (Flyball, 7S, EV 87.5 MPH) Rodrigo Briceno scores
|
Batting: RHB Frank Caulfield
|
0-0: Ball 1-0: Ball 2-0: Called Strike 2-1: Foul Ball, location: 2F 2-2: Ground out 5-3 (Groundball, 56, EV 105.0 MPH) Wade Diamond to second
|
Batting: RHB Luis Reyes
|
0-0: Ball 1-0: Ball 2-0: Ball 3-0: Called Strike 3-1: Called Strike 3-2: Foul Ball, location: 2F 3-2: Foul Ball, location: 2F 3-2: Base on Balls
|
Batting: SHB Ryan Chicoine
|
0-0: Ball 1-0: Ball 2-0: Called Strike 2-1: Foul Ball, location: 2F 2-2: Strikes out swinging
|
Bottom of the 2nd over - 2 runs, 3 hits, 0 errors, 2 left on base; Frederick 1 - Dunedin 2 |
TOP OF THE 3RD |
Frederick Keys batting - Pitching for Dunedin Blue Jays : RHP Orlando Giron
|
Batting: LHB Shane Cruse
|
0-0: Called Strike 0-1: Swinging Strike 0-2: Strikes out swinging
|
Batting: LHB Tom Edwards
|
0-0: Ball 1-0: Ground out U3 (Groundball, 3, EV 81.2 MPH)
|
Batting: SHB Roger Holmes
|
0-0: Swinging Strike 0-1: Called Strike 0-2: Foul Ball, location: 2F 0-2: Ball 1-2: Foul Ball, location: 2F 1-2: Ball 2-2: Strikes out swinging
|
Top of the 3rd over - 0 runs, 0 hits, 0 errors, 0 left on base; Frederick 1 - Dunedin 2 |
BOTTOM OF THE 3RD |
Dunedin Blue Jays batting - Pitching for Frederick Keys : LHP Luis Perez
|
Batting: RHB Chris Martin
|
0-0: Called Strike 0-1: Ball 1-1: Foul Ball, location: 2F 1-2: Ground out 5-3 (Groundball, 56S, EV 66.9 MPH)
|
Batting: LHB Devin Huber
|
0-0: Ball 1-0: Swinging Strike 1-1: Swinging Strike 1-2: Ball 2-2: Foul Ball, location: 2F 2-2: Strikes out looking
|
Batting: LHB Chaim Huting
|
0-0: Called Strike 0-1: Swinging Strike 0-2: Strikes out swinging
|
Bottom of the 3rd over - 0 runs, 0 hits, 0 errors, 0 left on base; Frederick 1 - Dunedin 2 |
TOP OF THE 4TH |
Frederick Keys batting - Pitching for Dunedin Blue Jays : RHP Orlando Giron
|
Batting: RHB Daniel Jackson
|
0-0: Called Strike 0-1: Called Strike 0-2: Foul Ball, location: 2F 0-2: Foul Ball, location: 2F 0-2: TRIPLE (Flyball, 78XD, EV 108.1 MPH)
|
Batting: LHB Mike Sloan
|
0-0: Ball 1-0: Ball 2-0: Ground out U3 (Groundball, 3, EV 87.5 MPH)
|
Batting: RHB Danny Merrill
|
0-0: Called Strike 0-1: Called Strike 0-2: Strikes out looking
|
Batting: LHB Antonio Cantu
|
0-0: Called Strike 0-1: Called Strike 0-2: Ball 1-2: Ball 2-2: Ball 3-2: Strikes out swinging
|
Top of the 4th over - 0 runs, 1 hit, 0 errors, 1 left on base; Frederick 1 - Dunedin 2 |
BOTTOM OF THE 4TH |
Dunedin Blue Jays batting - Pitching for Frederick Keys : LHP Luis Perez
|
Batting: RHB Brock Van Gilder
|
0-0: Ball 1-0: Swinging Strike 1-1: Foul Ball, location: 2F 1-2: Fly out, F7 (Flyball, 78M, EV 79.4 MPH)
|
Batting: LHB Rodrigo Briceno
|
0-0: Swinging Strike 0-1: Called Strike 0-2: Ball 1-2: Strikes out swinging
|
Batting: RHB Wade Diamond
|
0-0: Fly out, F7 (Flyball, 7, EV 83.8 MPH)
|
Bottom of the 4th over - 0 runs, 0 hits, 0 errors, 0 left on base; Frederick 1 - Dunedin 2 |
TOP OF THE 5TH |
Frederick Keys batting - Pitching for Dunedin Blue Jays : RHP Orlando Giron
|
Batting: RHB Hunter Neumann
|
0-0: Ball 1-0: Ball 2-0: Foul Ball, location: 2F 2-1: Foul Ball, location: 2F 2-2: Strikes out swinging
|
Batting: LHB Rodolfo Montes
|
0-0: Foul Ball, location: 2F 0-1: Ground out 1-3 (Groundball, P, EV 68.8 MPH)
|
Batting: LHB Shane Cruse
|
0-0: DOUBLE (Line Drive, 89D, EV 105.6 MPH)
|
Batting: LHB Tom Edwards
|
0-0: Called Strike 0-1: Ball 1-1: Foul Ball, location: 2F 1-2: Foul Ball, location: 2F 1-2: Ball 2-2: Ground out 4-3 (Groundball, 4, EV 78.8 MPH)
|
Top of the 5th over - 0 runs, 1 hit, 0 errors, 1 left on base; Frederick 1 - Dunedin 2 |
BOTTOM OF THE 5TH |
Dunedin Blue Jays batting - Pitching for Frederick Keys : LHP Luis Perez
|
Batting: RHB Frank Caulfield
|
0-0: Foul Ball, location: 2F 0-1: Ground out 6-3 (Groundball, 6, EV 84.4 MPH)
|
Batting: RHB Luis Reyes
|
0-0: Ball 1-0: Ball 2-0: DOUBLE (Line Drive, 7LM, EV 109.4 MPH)
|
Batting: SHB Ryan Chicoine
|
0-0: Ball 1-0: Ball 2-0: Called Strike 2-1: Swinging Strike 2-2: Foul Ball, location: 2F 2-2: Strikes out looking
|
Batting: RHB Chris Martin
|
0-0: Ball 1-0: Ball 2-0: Called Strike 2-1: Ball 3-1: Base on Balls
|
Batting: LHB Devin Huber
|
0-0: Ball 1-0: Called Strike 1-1: Ground out U3 (Groundball, 3L, EV 109.4 MPH)
|
Bottom of the 5th over - 0 runs, 1 hit, 0 errors, 2 left on base; Frederick 1 - Dunedin 2 |
TOP OF THE 6TH |
Frederick Keys batting - Pitching for Dunedin Blue Jays : RHP Orlando Giron
|
Batting: SHB Roger Holmes
|
0-0: Foul Ball, location: 2F 0-1: Ball 1-1: Swinging Strike 1-2: Foul Ball, location: 2F 1-2: Strikes out swinging
|
Batting: RHB Daniel Jackson
|
0-0: Ball 1-0: Called Strike 1-1: Ball 2-1: Foul Ball, location: 2F 2-2: Ground out 4-3 (Groundball, 34, EV 100.6 MPH)
|
Batting: LHB Mike Sloan
|
0-0: Ball 1-0: DOUBLE (Groundball, 3L, EV 105.0 MPH)
|
Batting: RHB Danny Merrill
|
0-0: Ball 1-0: Ball 2-0: Ball 3-0: Called Strike 3-1: Called Strike 3-2: Strikes out looking
|
Top of the 6th over - 0 runs, 1 hit, 0 errors, 1 left on base; Frederick 1 - Dunedin 2 |
BOTTOM OF THE 6TH |
Dunedin Blue Jays batting - Pitching for Frederick Keys : LHP Luis Perez
|
Batting: LHB Chaim Huting
|
0-0: Called Strike 0-1: Ball 1-1: Foul Ball, location: 2F 1-2: Ground out 6-3 (Groundball, 6, EV 85.0 MPH)
|
Batting: RHB Brock Van Gilder
|
0-0: Called Strike 0-1: Ground out 5-3 (Groundball, 5, EV 93.1 MPH)
|
Batting: LHB Rodrigo Briceno
|
0-0: Ball 1-0: Ball 2-0: Foul Ball, location: 2F 2-1: Ball 3-1: Base on Balls
|
Pitching: RHP Jose Rico
|
|
Batting: RHB Wade Diamond
|
0-0: Ball 1-0: SINGLE (Groundball, 34, EV 93.8 MPH) Rodrigo Briceno to second Runner from 2nd tries for 3rd, SAFE, throw by RF made to third
|
Batting: RHB Frank Caulfield
|
0-0: Called Strike 0-1: Foul Ball, location: 2F 0-2: Ball 1-2: Strikes out looking
|
Bottom of the 6th over - 0 runs, 1 hit, 0 errors, 2 left on base; Frederick 1 - Dunedin 2 |
TOP OF THE 7TH |
Frederick Keys batting - Pitching for Dunedin Blue Jays : RHP Orlando Giron
|
Now in CF: Justin Powell
|
|
Batting: LHB Antonio Cantu
|
0-0: Ball 1-0: Ball 2-0: Called Strike 2-1: Foul Ball, location: 2F 2-2: Ground out 4-3 (Groundball, 4, EV 85.6 MPH)
|
Pitching: RHP Andres Lozano
|
|
Batting: RHB Hunter Neumann
|
0-0: Called Strike 0-1: Called Strike 0-2: Strikes out swinging
|
Batting: LHB Rodolfo Montes
|
0-0: Ball 1-0: Fly out, F7 (Line Drive, 7, EV 101.2 MPH)
|
Top of the 7th over - 0 runs, 0 hits, 0 errors, 0 left on base; Frederick 1 - Dunedin 2 |
BOTTOM OF THE 7TH |
Dunedin Blue Jays batting - Pitching for Frederick Keys : RHP Jose Rico
|
Batting: RHB Luis Reyes
|
0-0: Ball 1-0: Ground out 6-3 (Groundball, 6MD, EV 102.5 MPH)
|
Batting: SHB Ryan Chicoine
|
0-0: Ball 1-0: Called Strike 1-1: Called Strike 1-2: Ball 2-2: Foul Ball, location: 2F 2-2: Ball 3-2: Strikes out swinging
|
Batting: RHB Chris Martin
|
0-0: Foul Ball, location: 2F 0-1: Ground out 6-3 (Groundball, 6, EV 80.0 MPH)
|
Bottom of the 7th over - 0 runs, 0 hits, 0 errors, 0 left on base; Frederick 1 - Dunedin 2 |
TOP OF THE 8TH |
Frederick Keys batting - Pitching for Dunedin Blue Jays : RHP Andres Lozano
|
Batting: LHB Shane Cruse
|
0-0: Called Strike 0-1: Called Strike 0-2: Ball 1-2: Foul Ball, location: 2F 1-2: Ball 2-2: Strikes out swinging
|
Pitching: LHP Dylan Batstone
|
|
Batting: LHB Tom Edwards
|
0-0: Ball 1-0: Swinging Strike 1-1: Swinging Strike 1-2: Ball 2-2: Ball 3-2: Strikes out swinging
|
Batting: SHB Roger Holmes
|
0-0: Called Strike 0-1: Ground out 5-3 (Groundball, 56, EV 91.9 MPH)
|
Top of the 8th over - 0 runs, 0 hits, 0 errors, 0 left on base; Frederick 1 - Dunedin 2 |
BOTTOM OF THE 8TH |
Dunedin Blue Jays batting - Pitching for Frederick Keys : RHP Jose Rico
|
Batting: LHB Devin Huber
|
0-0: Foul Ball, location: 2F 0-1: Foul Ball, location: 2F 0-2: Ball 1-2: Hit by Pitch
|
Batting: LHB Chaim Huting
|
0-0: Foul Ball, location: 2F 0-1: Ball 1-1: Ball 2-1: Ball 3-1: Called Strike 3-2: Strikes out swinging
|
Batting: RHB Brock Van Gilder
|
Pickoff Throw to First - Out! 1-3 0-0: Ball 1-0: Called Strike 1-1: Swinging Strike 1-2: Strikes out swinging
|
Bottom of the 8th over - 0 runs, 0 hits, 0 errors, 0 left on base; Frederick 1 - Dunedin 2 |
TOP OF THE 9TH |
Frederick Keys batting - Pitching for Dunedin Blue Jays : LHP Dylan Batstone
|
Pitching: RHP Pat Powell
|
|
Batting: RHB Daniel Jackson
|
0-0: Called Strike 0-1: Called Strike 0-2: Strikes out looking
|
Batting: LHB Mike Sloan
|
0-0: Ball 1-0: Ground out 3-1 (Groundball, 34, EV 83.8 MPH)
|
Batting: RHB Danny Merrill
|
0-0: Called Strike 0-1: Ball 1-1: Foul Ball, location: 2F 1-2: Ball 2-2: Foul Ball, location: 2F 2-2: Foul Ball, location: 2F 2-2: Ground out 4-3 (Groundball, 4S, EV 90.6 MPH)
|
Top of the 9th over - 0 runs, 0 hits, 0 errors, 0 left on base; Frederick 1 - Dunedin 2 |
|